 Dungeon Crawl Stone Soup version 0.22-a0-93-g6b88ebb (webtiles) character file.

37802 KarmaPolice the Whirler (level 14, -1/98 HPs)
             Began as a Halfling Hunter on Jan 1, 2018.
             Was an Elder of Qazlal.
             Slain by a manticore (22 damage)
             ... on level 6 of the Lair of Beasts on Jan 24, 2018.
             The game lasted 02:46:39 (32614 turns).

KarmaPolice the Whirler (Halfling Hunter)          Turns: 32614, Time: 02:46:40

Health: -1/98      AC: 12    Str: 19    XL:     14   Next: 30%
Magic:  21/21      EV: 15    Int:  9    God:    Qazlal [****..]
Gold:   1008       SH:  5    Dex: 17    Spells: 13/13 levels left

rFire    + . .     SeeInvis .   M - +2 short sword (venom)
rCold    + . .     Gourm    .   (shield restricted)
rNeg     . . .     Faith    .   S - +0 troll leather armour
rPois    .         Spirit   .   q - +2 helmet "Cowoduit" {rF+ rCorr}
rElec    .         Reflect  .   H - +0 cloak
rCorr    +         Harm     .   x - +0 pair of gloves
MR       +....                  u - +0 pair of boots
Stlth    +.........             h - amulet of magic regeneration
HPRegen  0.66/turn              b - ring of protection from cold
MPRegen  0.42/turn              X - +3 ring of strength

@: lethally poisoned (-1 -> -2), about to teleport, repel missiles
A: small, mutation resistance 1
a: Upheaval, Elemental Force, Renounce Religion


You were on level 6 of the Lair of Beasts.
You worshipped Qazlal.
Qazlal was greatly pleased with you.
You were not hungry.

You visited 4 branches of the dungeon, and saw 20 of its levels.
You also visited: Ossuary.

You collected 1008 gold pieces.

Inventory:

Hand Weapons
 y - a +0 scimitar of flaming
 L - a +0 hunting sling of velocity
 M - a +2 short sword of venom (weapon)
 O - the +7 whip "Joedunewn" {slash, -Tele *Slow rElec rPois rF++}
   (You found it on level 9 of the Dungeon)

   It inflicts extra damage upon your enemies.
   It greatly protects you from fire.
   It insulates you from electricity.
   It protects you from poison.
   It prevents most forms of teleportation.
   It may slow you when you take damage.
Missiles
 d - 143 sling bullets
 g - 405 stones (quivered)
Armour
 q - the +2 helmet "Cowoduit" (worn) {rF+ rCorr}
   (You took it off Robin on level 2 of the Dungeon)

   It protects you from fire.
   It protects you from acid and corrosion.
 u - a +0 pair of boots (worn)
 x - a +0 pair of gloves (worn)
 H - a +0 cloak (worn)
 S - a +0 troll leather armour (worn)
 Y - a +2 scale mail of fire resistance
Jewellery
 b - a ring of protection from cold (left hand)
 h - an amulet of magic regeneration (around neck)
 i - an uncursed amulet of faith {unknown}
 X - a +3 ring of strength (right hand)
Wands
 l - a wand of disintegration (2)
 n - a wand of clouds (2)
 A - a wand of enslavement (9)
 G - a wand of flame (20)
 K - a wand of iceblast (9)
 P - a wand of paralysis (5)
 Q - a wand of acid (8)
 U - a wand of digging (7)
 V - a wand of polymorph (12)
Scrolls
 a - a scroll of torment {unknown}
 c - a scroll of random uselessness {unknown}
 k - 3 scrolls of enchant weapon
 m - 2 scrolls of enchant armour
 o - 2 scrolls of magic mapping
 r - a scroll of summoning {unknown}
 t - 10 scrolls of remove curse
 w - 2 scrolls of immolation
 B - 3 scrolls of fog {unknown}
 C - 4 scrolls of amnesia {unknown}
 N - 8 scrolls of fear {unknown}
Potions
 e - a potion of brilliance {unknown}
 j - a potion of cancellation {unknown}
 p - a potion of heal wounds
 z - 2 potions of resistance
 D - a potion of invisibility
 E - 2 potions of might
 F - 3 potions of magic {unknown}
 I - a potion of flight {unknown}
 J - a potion of ambrosia {unknown}
 T - a potion of mutation {unknown}
 Z - a potion of lignification {unknown}
Miscellaneous
 W - a sack of spiders
Comestibles
 f - 21 rations
 v - 5 chunks of flesh


   Skills:
 - Level 9.6 Fighting
 - Level 10.3(10.8) Short Blades
 + Level 4.3(7.1) Long Blades
 - Level 0.4 Maces & Flails
 - Level 16.2 Slings
 - Level 7.8 Armour
 - Level 2.8 Dodging
 - Level 1.1 Stealth
 + Level 10.2 Invocations
 + Level 9.8 Evocations


You had 13 spell levels left.
You didn't know any spells.

Dungeon Overview and Level Annotations

Branches:
Dungeon (12/15)            Temple (1/1) D:7            Lair (6/6) D:9
 Shoals (0/4) Lair:3        Snake (0/4) Lair:3          Orc (1/2) D:11
  Slime: Lair:5-6

Altars:
Ashenzari
Cheibriados
Dithmenos
Elyvilon
Fedhas
Gozag
Hepliaklqana
Kikubaaqudgha
Makhleb
Nemelex Xobeh
Okawaru
Qazlal
Ru
Sif Muna
Trog
Uskayaw
Vehumet
Wu Jian
Xom
Yredelemnul
Zin
The Shining One

Portals:
Trove: D:11 (show abyssal rune of Zot)

Annotations:
Lair:6 exclusion: 4 oklob plants


Innate Abilities, Weirdness & Mutations

You are small and have problems with some larger weapons.
You are somewhat resistant to further mutation.


Message History

As you read the scroll of teleportation, it crumbles to dust.
You feel strangely unstable.
You feel sick.
The black mamba hisses angrily.
You feel sick.
Your surroundings suddenly seem different.
You feel sick.
A yak comes into view.
The yak bellows!
A yak comes into view.
The yak bellows!
You hear a bellow! x2
The manticore completely misses you.
The manticore claws you but does no damage.
The manticore claws you.
* * * LOW HITPOINT WARNING * * *
2 yaks, 2 death yaks and 2 manticores come into view.
As you read the scroll of teleportation, it crumbles to dust.
You feel strangely unstable.
You feel sick.
The yak bellows!
The manticore bites you!!
You die...

##. #####
..Y..###P..P###
.Y.Y...@..8...P
.H##.§H.Y8....#
#..8.§..8.##
##P.8.8.....
##.....##YY
#P...## .
##..## ##..


You could see 2 death yaks, 2 manticores and 4 yaks.

Vanquished Creatures
  Nessos (Lair:4)
  Josephine (D:10)
  6 hydras
  A catoblepas (Lair:4)
  Erica (D:11)
  3 two-headed ogres
  Urug (Lair:5)
  An unseen horror (D:10)
  2 ugly things (D:11)
  Maurice (D:9)
  2 black mambas
  3 elephants (Lair:6)
  7 spiny frogs
  A rime drake (Lair:1)
  2 komodo dragons
  2 trolls
  Prince Ribbit (D:6)
  A polar bear (Lair:6)
  20 blink frogs
  Grinder (D:6)
  4 dream sheep
  11 hippogriffs
  A vampire (D:12)
  5 wraiths
  A spriggan (D:7)
  2 basilisks
  5 wyverns
  9 yaks
  Grum (D:7)
  2 steam dragons
  Edmund (D:6)
  Menkaure (D:4)
  2 wargs (D:11)
  19 water moccasins
  6 porcupines
  Duvessa (D:7)
  An acid dragon (D:9)
  An ice beast (D:9)
  7 orc warriors
  3 sky beasts
  A black bear (D:9)
  The ghost of Dirtsage the Chopper, an amateur HOFi (D:3)
  3 ogres
  3 wolves
  A phantom (D:12)
  6 centaurs
  An elf zombie (D:9)
  9 crocodiles
  8 bullfrogs
  A gnoll sergeant (D:7)
  Dowan (D:7)
  An elf skeleton (D:9)
  2 water moccasin zombies (Ossuary)
  5 scorpions
  7 wights
  2 electric eels
  9 howler monkeys
  4 centaur zombies
  5 crimson imps
  A bullfrog zombie (D:6)
  5 jellies
  2 human zombies (D:9)
  8 hounds
  3 bullfrog skeletons
  A centaur skeleton (D:10)
  A gnoll shaman (D:7)
  7 orc priests
  Terence (D:2)
  3 human skeletons (D:9)
  Ijyb (D:3)
  Natasha (thrice) (D:2)
  8 iguanas
  13 orc wizards
  8 worker ants
  A killer bee zombie (D:8)
  2 big kobold zombies (Ossuary)
  2 hound skeletons
  5 mummies
  3 worker ant zombies
  Robin (D:2)
  18 adders
  18 gnolls
  4 shadow imps
  4 adder zombies (Ossuary)
  An adder skeleton (D:4)
  4 worms
  A dart slug (D:2)
  4 leopard geckos
  33 orcs
  A ball python (Lair:3)
  4 giant cockroaches
  17 goblins
  6 hobgoblins
  18 jackals
  4 quokkas
  5 bats
  2 frilled lizards
  A gnoll zombie (Ossuary)
  4 hobgoblin zombies
  A jackal skeleton (D:3)
  3 kobolds
  8 kobold zombies
  An orc skeleton (D:9)
  6 orc zombies
  A quokka zombie (D:5)
  2 rats (D:2)
461 creatures vanquished.

Vanquished Creatures (others)
  6 fungi
  5 plants
11 creatures vanquished.

Grand Total: 472 creatures vanquished

Notes
Turn   | Place    | Note
-------+----------+-------------------------------------------
     0 | D:1      | KarmaPolice the Halfling Hunter began the quest for the Orb.
     0 | D:1      | Reached XP level 1. HP: 14/14 MP: 1/1
   512 | D:1      | Reached skill level 6 in Slings
   517 | D:1      | Reached XP level 2. HP: 18/19 MP: 2/2
   794 | D:2      | Reached skill level 1 in Short Blades
  1005 | D:2      | Reached XP level 3. HP: 18/24 MP: 3/3
  1478 | D:2      | Found a faded altar of an unknown god.
  1490 | D:2      | Noticed Robin
  1545 | D:2      | Reached XP level 4. HP: 18/30 MP: 4/4
  1915 | D:2      | Killed Robin
  1923 | D:2      | Got a shimmering helmet
  2020 | D:2      | Identified the +2 helmet "Cowoduit" {rF+ rCorr} (You took it off Robin on level 2 of the Dungeon)
  2220 | D:2      | Found a stormy altar of Qazlal.
  2400 | D:2      | Noticed Natasha
  2409 | D:2      | Killed Natasha
  2590 | D:2      | Reached skill level 7 in Slings
  2590 | D:2      | Reached XP level 5. HP: 30/36 MP: 5/5
  2752 | D:2      | Found a shattered altar of Ashenzari.
  2951 | D:2      | Noticed Terence
  2970 | D:2      | Killed Terence
  3168 | D:3      | Reached XP level 6. HP: 25/42 MP: 6/6
  3366 | D:3      | Found a sacrificial altar of Ru.
  3367 | D:3      | Noticed Dirtsage's ghost (amateur HOFi)
  3477 | D:2      | Noticed Natasha
  3487 | D:2      | Killed Natasha
  3537 | D:2      | Noticed Natasha
  3548 | D:2      | Killed Natasha
  4107 | D:3      | Noticed Ijyb
  4121 | D:3      | Killed Ijyb
  4516 | D:3      | Reached skill level 8 in Slings
  4688 | D:3      | Reached XP level 7. HP: 47/47 MP: 7/7
  5042 | D:3      | Killed Dirtsage's ghost
  5473 | D:4      | Noticed Menkaure
  5526 | D:4      | Killed Menkaure
  5526 | D:4      | Reached skill level 5 in Short Blades
  5751 | D:4      | Reached skill level 9 in Slings
  5751 | D:4      | Reached XP level 8. HP: 46/54 MP: 8/8
  6189 | D:5      | Entered Level 5 of the Dungeon
  6446 | D:5      | Reached skill level 5 in Fighting
  7080 | D:5      | Reached skill level 1 in Armour
  7582 | D:5      | Found a sparkling altar of Nemelex Xobeh.
  7670 | D:6      | Noticed Grinder
  7676 | D:6      | Noticed Edmund
  7700 | D:6      | Noticed Prince Ribbit
  7730 | D:6      | Killed Prince Ribbit
  7730 | D:6      | Reached skill level 10 in Slings
  7730 | D:6      | Reached XP level 9. HP: 23/62 MP: 9/9
  7946 | D:6      | Killed Grinder
  7978 | D:6      | Found a sand-covered staircase.
  8095 | Ossuary  | Entered an ossuary
  9004 | D:6      | Paralysed by Edmund for 3 turns
  9018 | D:6      | Paralysed by Edmund for 7 turns
  9047 | D:6      | Killed Edmund
  9817 | D:7      | Reached skill level 11 in Slings
 10726 | D:7      | Found a staircase to the Ecumenical Temple.
 10757 | Temple   | Entered the Ecumenical Temple
 10778 | Temple   | Became a worshipper of Qazlal Stormbringer
 10845 | D:7      | Reached XP level 10. HP: 50/69 MP: 10/10
 11586 | Temple   | Reached skill level 5 in Armour
 11586 | Temple   | Reached skill level 1 in Invocations
 11685 | D:7      | Noticed Dowan
 11763 | D:7      | Noticed Duvessa
 11804 | D:7      | Killed Duvessa
 11815 | D:7      | Killed Dowan
 12438 | D:8      | Upgraded the game from 0.22-a0 to 0.22-a0-21-g9421e3f
 12532 | D:8      | Reached skill level 12 in Slings
 12995 | D:8      | Noticed a two-headed ogre
 12996 | D:8      | Upgraded the game from 0.22-a0-21-g9421e3f to 0.22-a0-32-ga749362
 13135 | D:8      | Killed a two-headed ogre
 13407 | D:8      | Reached * piety under Qazlal
 13567 | D:8      | Noticed a two-headed ogre
 13568 | D:8      | Upgraded the game from 0.22-a0-32-ga749362 to 0.22-a0-40-g3d2f077
 13691 | D:8      | HP: 3/69 [orc warrior/trident (11)]
 14156 | D:8      | Upgraded the game from 0.22-a0-40-g3d2f077 to 0.22-a0-44-geb883ae
 14187 | D:8      | Reached skill level 1 in Evocations
 14280 | D:8      | Noticed Grum
 14470 | D:7      | Killed Grum
 14470 | D:7      | Reached XP level 11. HP: 74/74 MP: 14/14
 15328 | D:9      | Found a basalt altar of Yredelemnul.
 15350 | D:9      | Reached skill level 5 in Invocations
 15368 | D:9      | Found an ornate altar of the Wu Jian Council.
 15406 | D:9      | Reached ** piety under Qazlal
 15438 | D:9      | Noticed Maurice
 15439 | D:9      | Upgraded the game from 0.22-a0-44-geb883ae to 0.22-a0-75-g1fede22
 15442 | D:9      | Killed Maurice
 15503 | D:9      | Found a shadowy altar of Dithmenos.
 15538 | D:9      | Upgraded the game from 0.22-a0-75-g1fede22 to 0.22-a0-76-gd698a02
 15565 | D:9      | Found a glowing silver altar of Zin.
 15805 | D:9      | Noticed a two-headed ogre
 16492 | D:9      | Noticed a two-headed ogre
 16494 | D:9      | Upgraded the game from 0.22-a0-76-gd698a02 to 0.22-a0-78-g0f8607c
 16530 | D:9      | Killed a two-headed ogre
 16530 | D:9      | Reached skill level 10 in Short Blades
 16530 | D:9      | Reached skill level 13 in Slings
 16960 | D:9      | Found a basalt altar of Yredelemnul.
 17215 | D:9      | Got a brightly glowing whip
 17216 | D:9      | Identified the +7 whip "Joedunewn" {slash, -Tele *Slow rElec rPois rF++} (You found it on level 9 of the Dungeon)
 17412 | D:9      | Killed a two-headed ogre
 17659 | D:9      | Found a staircase to the Lair.
 17731 | Lair:1   | Entered Level 1 of the Lair of Beasts
 17811 | Lair:1   | HP: 1/75 [spiny frog (16)]
 18217 | D:10     | Entered Level 10 of the Dungeon
 18767 | D:10     | Noticed Josephine
 18949 | D:10     | Upgraded the game from 0.22-a0-78-g0f8607c to 0.22-a0-79-g605b837
 19024 | D:10     | Reached skill level 5 in Evocations
 19553 | D:10     | HP: 3/76 [Josephine/ghostly fireball (23)]
 19556 | D:10     | Killed Josephine
 19556 | D:10     | Reached XP level 12. HP: 8/82 MP: 16/16
 19778 | D:11     | Noticed a four-headed hydra
 20032 | Lair:1   | Upgraded the game from 0.22-a0-79-g605b837 to 0.22-a0-81-g7478db5
 20442 | Lair:1   | Reached skill level 14 in Slings
 21070 | Lair:1   | Noticed a four-headed hydra
 21080 | Lair:1   | Killed a four-headed hydra
 21498 | Lair:1   | Upgraded the game from 0.22-a0-81-g7478db5 to 0.22-a0-83-g218e7ff
 21668 | Lair:2   | Got a scorched rapier
 21702 | Lair:2   | Identified the cursed +0 rapier of Royalism {pierce, *Corrode Int+5} (You found it on level 2 of the Lair of Beasts)
 21836 | Lair:2   | Upgraded the game from 0.22-a0-83-g218e7ff to 0.22-a0-91-g23542c2
 23395 | Lair:2   | Reached *** piety under Qazlal
 23796 | Lair:3   | Reached skill level 15 in Slings
 24170 | Lair:3   | Found a staircase to the Snake Pit.
 24192 | Lair:3   | Reached XP level 13. HP: 89/89 MP: 18/18
 24368 | Lair:2   | Upgraded the game from 0.22-a0-91-g23542c2 to 0.22-a0-93-g6b88ebb
 24753 | Lair:3   | Found a staircase to the Shoals.
 25161 | Lair:4   | Noticed a six-headed hydra
 25162 | Lair:4   | Noticed a catoblepas
 25341 | Lair:4   | Killed a six-headed hydra
 25569 | Lair:4   | Noticed Nessos
 25578 | Lair:4   | Killed Nessos
 26289 | Lair:4   | Reached **** piety under Qazlal
 26331 | Lair:4   | Killed a catoblepas
 27324 | Lair:5   | Noticed Urug
 27350 | Lair:5   | Killed Urug
 27350 | Lair:5   | Reached skill level 1 in Long Blades
 27677 | Lair:6   | Entered Level 6 of the Lair of Beasts
 27684 | Lair:6   | Noticed a six-headed hydra
 27762 | Lair:6   | Noticed a seven-headed hydra
 27762 | Lair:6   | Reached skill level 16 in Slings
 28619 | D:11     | Killed a one-headed hydra
 29396 | D:11     | Noticed Erica
 29403 | D:11     | Killed Erica
 29491 | D:11     | Found a portal to a secret trove of treasure.
 30210 | D:11     | Found a staircase to the Orcish Mines.
 30230 | D:11     | Reached XP level 14. HP: 98/98 MP: 21/21
 30482 | Orc:1    | Entered Level 1 of the Orcish Mines
 31141 | D:11     | HP: 4/98 [something (6)]
 32433 | Lair:5   | Reached skill level 10 in Invocations
 32562 | Lair:6   | Reached ***** piety under Qazlal
 32614 | Lair:6   | Slain by a manticore

Vault maps used:
D:1:      dpeg_arrival_rhombus
D:2:      ashenzari_altar_1, chequers_ecumenical_altar_simple,
          nicolae_qazlal_general_emergency, uniq_robin, uniq_natasha,
          uniq_terence
D:3:      nicolae_overflow_hidden_temple, uniq_ijyb
D:4:      uniq_menkaure
D:5:      nemelex_xobeh_ov_fountains_minmay, first_ration
D:6:      nicolae_ossuary_entry_giza, small_statue_intersection, uniq_grinder,
          uniq_edmund, uniq_prince_ribbit1
D:7:      minmay_temple_entry_statues_pillars, minmay_misc_feat_roman,
          the_bakery, uniq_duvessa
D:8:      serial_glass, glass_columns_a, glass_columns_b, uniq_grum
D:9:      zin_academy, nicolae_overflow_crystal_walls, lemuel_round_altar,
          kennysheep_mini, erik_lair_dragon, lemuel_mausoleum_altar_yredelemnul,
          uniq_maurice
D:10:     hangedman_decor_riveting, minmay_misc_feat_tower, uniq_josephine
D:11:     david_orc_1_choice, enter_trove_1, bh_walls_and_bars, uniq_erica
Temple:   minmay_freezing_vapour_temple
Lair:1:   grunt_megastairs_3, serial_bayou_shore_b
Lair:2:   guppyfry_lair_drakes
Lair:3:   elwin_shoals_entry_rooms, minmay_snake_entry_six_corridors,
          cheibrodos_lair_caveside_slide
Lair:4:   serial_bayou_shore_b, infiniplex_staircase_pool, uniq_nessos
Lair:5:   minivault_26, serial_bayou_shore_a, uniq_urug
Lair:6:   evilmike_catoblepas_cave, slime_dummy, grunt_megastairs_2,
          minmay_lair_oklob_chamber
Orc:1:    basic_altar, uniq_nergalle
Ossuary:  ossuary_tomb_2

Skill      XL: |  1  2  3  4  5  6  7  8  9 10 11 12 13 14 |
---------------+-------------------------------------------+-----
Fighting       | 2 3 4 5 6 7 8 9 |  9.6
Slings         | 6 7 8 9 10 11 12 13 15 16 | 16.2
Short Blades   | 1 2 3 4 5 6 8 9 10 | 10.3
Armour         | 2 4 6 7 |  7.8
Invocations    | 4 6 7 9 10 | 10.2
Evocations     | 1 5 7 9 |  9.8
Long Blades    | 2 4 |  4.3
Maces & Flails | |  0.4
Dodging        | |  2.8
Stealth        | |  1.1

Action                   |  1- 3 |  4- 6 |  7- 9 | 10-12 | 13-15 || total
-------------------------+-------+-------+-------+-------+-------++-------
Melee: Short sword       |    30 |       |       |   926 |   450 ||  1406
       Dagger            |    59 |   234 |   577 |    82 |       ||   952
       Whip              |       |       |       |    70 |     5 ||    75
       Scimitar          |       |       |       |       |   108 ||   108
       Falchion          |       |       |       |       |    12 ||    12
       Demon trident     |       |       |       |       |     2 ||     2
       Hunting sling     |       |       |       |       |     1 ||     1
 Fire: Hunting sling     |       |    17 |   234 |   181 |   203 ||   635
Throw: Stone             |       |     1 |       |     7 |       ||     8
Invok: Upheaval          |       |       |       |       |     1 ||     1
Evoke: Wand              |       |       |       |    22 |    38 ||    60
  Use: Scroll            |       |       |     6 |    12 |    11 ||    29
       Potion            |       |       |       |     8 |     9 ||    17
 Stab: Sleeping          |     2 |     1 |     6 |       |       ||     9
       Paralysed         |       |       |       |       |    15 ||    15
       Invisible         |       |       |       |       |     2 ||     2
  Eat: Chunk             |     1 |    11 |    16 |    25 |    23 ||    76
       Ration            |       |       |     1 |     5 |     1 ||     7
Armor: Leather armour    |    22 |    55 |   144 |   164 |       ||   385
       Troll leather arm |       |       |       |    87 |   177 ||   264
Dodge: Dodged            |    71 |   151 |   340 |   536 |   339 ||  1437
       Deflected         |       |       |       |       |     4 ||     4
Block: Other             |       |       |       |    66 |   119 ||   185
       Rpst.: Falchion   |       |       |       |       |     2 ||     2
       Scimitar          |       |       |       |       |    15 ||    15

Table legend:
 A = Spawn XP
 B = Non-spawn XP
 C = Spawn XP percentage of total XP
 D = Spawn monster count
 E = Non-spawn monster count
 F = Spawn count percentage of total count
 G = Total turns spent on level
                    A         B        C        D         E        F      G
               +---------+---------+-------+---------+---------+-------+---------
         Total |       0 |   54003 |   0.0 |       0 |     460 |   0.0 | 32614
               +---------+---------+-------+---------+---------+-------+---------
           D:1 |       0 |      16 |   0.0 |       0 |       9 |   0.0 |  1119
           D:2 |       0 |     292 |   0.0 |       0 |      36 |   0.0 |  2717
           D:3 |       0 |     348 |   0.0 |       0 |      32 |   0.0 |  1545
           D:4 |       0 |     464 |   0.0 |       0 |      14 |   0.0 |  1114
           D:5 |       0 |     643 |   0.0 |       0 |      27 |   0.0 |  1393
           D:6 |       0 |    1235 |   0.0 |       0 |      19 |   0.0 |  1393
           D:7 |       0 |    1946 |   0.0 |       0 |      35 |   0.0 |  2545
           D:8 |       0 |    3327 |   0.0 |       0 |      43 |   0.0 |  2685
           D:9 |       0 |    5516 |   0.0 |       0 |      41 |   0.0 |  3697
          D:10 |       0 |    3271 |   0.0 |       0 |      20 |   0.0 |  1692
          D:11 |       0 |    5870 |   0.0 |       0 |      31 |   0.0 |  1819
          D:12 |       0 |    2923 |   0.0 |       0 |      14 |   0.0 |  1154
        Temple |       0 |     124 |   0.0 |       0 |       3 |   0.0 |   596
        Lair:1 |       0 |    5535 |   0.0 |       0 |      20 |   0.0 |  1758
        Lair:2 |       0 |    4240 |   0.0 |       0 |      19 |   0.0 |  2132
        Lair:3 |       0 |    4536 |   0.0 |       0 |      31 |   0.0 |  1941
        Lair:4 |       0 |    6162 |   0.0 |       0 |      18 |   0.0 |  1318
        Lair:5 |       0 |    3413 |   0.0 |       0 |      11 |   0.0 |  1254
        Lair:6 |       0 |    3858 |   0.0 |       0 |      10 |   0.0 |   101
         Orc:1 |       0 |       6 |   0.0 |       0 |       2 |   0.0 |    13
       Ossuary |       0 |     278 |   0.0 |       0 |      25 |   0.0 |   628
               +---------+---------+-------+---------+---------+-------+---------
